CAL
LANCASTER JETHAWKS @ HIGH DESERT MAVERICKS
09/14/2080
 
TOP OF THE 1ST
Lancaster JetHawks batting - Pitching for High Desert Mavericks : LHP Fadey Afendulov
Pitching: LHP Fadey Afendulov
Batting: RHB Bill Marroquin 0-0: Ball
1-0: Ball
2-0: Foul Ball, location: 2F
2-1: SINGLE (Groundball, 6MS, EV 63.8 MPH) (infield hit)
Batting: RHB Jason Watts 0-0: Ball
1-0: Ball
2-0: Called Strike
2-1: Fielders Choice at 2nd, 4-6 (Groundball, 4M, EV 105.6 MPH)
Batting: RHB Carlos Hidalgo 0-0: Ball
1-0: Ball
2-0: Ball
3-0: Called Strike
3-1: Called Strike
3-2: Base on Balls
Jason Watts to second
Batting: RHB Khaden Shaddox 0-0: Called Strike
0-1: Called Strike
0-2: Strikes out swinging
Batting: RHB Mario Serna 0-0: Called Strike
0-1: Ball
1-1: Foul Ball, location: 2F
1-2: Ground out 2-3 (Groundball, 2R, EV 75.0 MPH)
Top of the 1st over - 0 runs, 1 hit, 0 errors, 2 left on base; Lancaster 0 - High Desert 0
BOTTOM OF THE 1ST
High Desert Mavericks batting - Pitching for Lancaster JetHawks : RHP Elliott Sheffey
Pitching: RHP Elliott Sheffey
Batting: RHB Bubba Beierle 0-0: Called Strike
0-1: Ball
1-1: SINGLE (Groundball, 6MD, EV 98.1 MPH)
Batting: RHB Alex Campa 0-0: Called Strike
0-1: Ball
1-1: Ball
2-1: Foul Ball, location: 2F
2-2: Foul Ball, location: 2F
2-2: Foul Ball, location: 2F
2-2: Strikes out swinging
Batting: RHB Jeremy Knefelkamp 0-0: Ball
1-0: Ball
2-0: Foul Ball, location: 2F
2-1: Called Strike
2-2: SINGLE (Groundball, 13, EV 86.2 MPH) (infield hit)
Bubba Beierle to second
Batting: LHB John Blanchard 0-0: Ball
1-0: Ball
2-0: Fielders Choice at 2nd, 2-4 (Groundball, 2L, EV 68.1 MPH)
Bubba Beierle to third
Batting: LHB Blaine Kennedy 0-0: Ball
1-0: Ground out 4-3 (Groundball, 34, EV 86.9 MPH)
Bottom of the 1st over - 0 runs, 2 hits, 0 errors, 2 left on base; Lancaster 0 - High Desert 0
TOP OF THE 2ND
Lancaster JetHawks batting - Pitching for High Desert Mavericks : LHP Fadey Afendulov
Batting: RHB Rick Hough 0-0: Called Strike
0-1: Called Strike
0-2: Ball
1-2: Strikes out swinging
Batting: SHB Fabiano Casetto 0-0: Ball
1-0: Called Strike
1-1: Foul Ball, location: 2F
1-2: Strikes out swinging
Batting: RHB Steve Hebert 0-0: Foul Ball, location: 2F
0-1: Swinging Strike
0-2: Ball
1-2: Foul Ball, location: 2F
1-2: Strikes out swinging, 2-3 out at first.
Top of the 2nd over - 0 runs, 0 hits, 0 errors, 0 left on base; Lancaster 0 - High Desert 0
BOTTOM OF THE 2ND
High Desert Mavericks batting - Pitching for Lancaster JetHawks : RHP Elliott Sheffey
Batting: SHB Wen-huan Chen 0-0: Ball
1-0: Ball
2-0: Ground out 4-3 (Groundball, 34D, EV 103.8 MPH)
Batting: RHB Jon Defoe 0-0: Ball
1-0: Fly out, F9 (Flyball, 89D, EV 88.8 MPH)
Batting: RHB Pat Wickson 0-0: Ball
1-0: Called Strike
1-1: SINGLE (Groundball, 56D, EV 94.4 MPH)
Batting: RHB Joey Clemens 0-0: Ball
1-0: Fielders Choice at 2nd, 6-4 (Groundball, 6, EV 86.9 MPH)
Bottom of the 2nd over - 0 runs, 1 hit, 0 errors, 1 left on base; Lancaster 0 - High Desert 0
TOP OF THE 3RD
Lancaster JetHawks batting - Pitching for High Desert Mavericks : LHP Fadey Afendulov
Batting: RHB Jamie Mack 0-0: Ball
1-0: Ball
2-0: Ball
3-0: Base on Balls
Batting: RHB Bill Marroquin 0-0: Called Strike
0-1: Ball
1-1: DOUBLE (Flyball, 7LD, EV 100.6 MPH)
Jamie Mack to third
Batting: RHB Jason Watts 0-0: Foul Ball, location: 2F
0-1: Foul Ball, location: 2F
0-2: Foul Ball, location: 2F
0-2: Hit by Pitch
Batting: RHB Carlos Hidalgo 0-0: Ball
1-0: Ball
2-0: Foul Ball, location: 2F
2-1: Foul Ball, location: 2F
2-2: Strikes out swinging
Batting: RHB Khaden Shaddox 0-0: Foul Ball, location: 2F
0-1: Swinging Strike
0-2: Ball
1-2: Ball
2-2: Fly out, F8 (Flyball, 8LM, EV 83.1 MPH)
Runner from 3rd tags up, SCORES, throw by CF
Batting: RHB Mario Serna 0-0: Ball
1-0: Called Strike
1-1: Called Strike
1-2: Ball
2-2: Strikes out swinging
Top of the 3rd over - 1 run, 1 hit, 0 errors, 2 left on base; Lancaster 1 - High Desert 0
BOTTOM OF THE 3RD
High Desert Mavericks batting - Pitching for Lancaster JetHawks : RHP Elliott Sheffey
Batting: RHB Bubba Beierle 0-0: Ball
1-0: Ground out 1-3 (Groundball, 34S, EV 60.6 MPH)
Batting: RHB Alex Campa 0-0: Ball
1-0: Ball
2-0: Called Strike
2-1: Ground out 6-3 (Groundball, 6, EV 81.2 MPH)
Batting: RHB Jeremy Knefelkamp 0-0: Called Strike
0-1: Ball
1-1: Foul Ball, location: 2F
1-2: Strikes out swinging
Bottom of the 3rd over - 0 runs, 0 hits, 0 errors, 0 left on base; Lancaster 1 - High Desert 0
TOP OF THE 4TH
Lancaster JetHawks batting - Pitching for High Desert Mavericks : LHP Fadey Afendulov
Batting: RHB Rick Hough 0-0: Called Strike
0-1: SINGLE (Groundball, 34, EV 106.2 MPH) (infield hit)
Batting: SHB Fabiano Casetto 0-0: Ball
1-0: Swinging Strike
1-1: Grounds into double play, 4-6-3 (Groundball, 4S, EV 82.5 MPH)
Batting: RHB Steve Hebert 0-0: Ball
1-0: Ball
2-0: Ball
3-0: Base on Balls
Batting: RHB Jamie Mack 0-0: Called Strike
0-1: Ball
1-1: Swinging Strike
1-2: Foul Ball, location: 2F
1-2: Strikes out looking
Top of the 4th over - 0 runs, 1 hit, 0 errors, 1 left on base; Lancaster 1 - High Desert 0
BOTTOM OF THE 4TH
High Desert Mavericks batting - Pitching for Lancaster JetHawks : RHP Elliott Sheffey
Batting: LHB John Blanchard 0-0: Called Strike
0-1: Swinging Strike
0-2: SINGLE (Groundball, 56D, EV 102.5 MPH)
Batting: LHB Blaine Kennedy 0-0: Ball
1-0: Called Strike
1-1: Ball
2-1: Ball
3-1: Ground out 4-3 (Groundball, 34D, EV 100.6 MPH)
John Blanchard to second
Batting: SHB Wen-huan Chen 0-0: Foul Ball, location: 2F
0-1: Called Strike
0-2: Ball
1-2: Ball
2-2: Ball
3-2: Foul Ball, location: 2F
3-2: Fly out, F8 (Flyball, 8LM, EV 88.8 MPH)
Batting: RHB Jon Defoe 0-0: Called Strike
0-1: Ground out 6-3 (Groundball, 6M, EV 100.6 MPH)
Bottom of the 4th over - 0 runs, 1 hit, 0 errors, 1 left on base; Lancaster 1 - High Desert 0
TOP OF THE 5TH
Lancaster JetHawks batting - Pitching for High Desert Mavericks : LHP Fadey Afendulov
Batting: RHB Bill Marroquin 0-0: Ground out U3 (Groundball, 34, EV 105.0 MPH)
Batting: RHB Jason Watts 0-0: Ball
1-0: Ball
2-0: Foul Ball, location: 2F
2-1: Ball
3-1: Base on Balls
Batting: RHB Carlos Hidalgo 0-0: Ball
1-0: Swinging Strike
1-1: Foul Ball, location: 2F
1-2: Ball
2-2: Ball
3-2: Grounds into double play, 6-4-3 (Groundball, 6, EV 83.1 MPH)
Top of the 5th over - 0 runs, 0 hits, 0 errors, 0 left on base; Lancaster 1 - High Desert 0
BOTTOM OF THE 5TH
High Desert Mavericks batting - Pitching for Lancaster JetHawks : RHP Elliott Sheffey
Batting: RHB Pat Wickson 0-0: Ball
1-0: Ball
2-0: Called Strike
2-1: Ball
3-1: Foul Ball, location: 2F
3-2: Strikes out looking
Batting: RHB Joey Clemens 0-0: Ball
1-0: Foul Ball, location: 2F
1-1: Ball
2-1: Ball
3-1: Foul Ball, location: 2F
3-2: Foul Ball, location: 2F
3-2: SINGLE (Line Drive, 3D, EV 99.4 MPH)
Batting: RHB Bubba Beierle 0-0: Swinging Strike
0-1: Called Strike
0-2: Grounds into double play, 4-6-3 (Groundball, 34D, EV 88.8 MPH)
Bottom of the 5th over - 0 runs, 1 hit, 0 errors, 0 left on base; Lancaster 1 - High Desert 0
TOP OF THE 6TH
Lancaster JetHawks batting - Pitching for High Desert Mavericks : LHP Fadey Afendulov
Batting: RHB Khaden Shaddox 0-0: Swinging Strike
0-1: Foul Ball, location: 2F
0-2: Foul Ball, location: 2F
0-2: Strikes out looking
Batting: RHB Mario Serna 0-0: Fly out, F9 (Flyball, 9, EV 87.5 MPH)
Batting: RHB Rick Hough 0-0: Called Strike
0-1: Ball
1-1: DOUBLE (Line Drive, 7LD, EV 111.9 MPH)
Batting: SHB Fabiano Casetto 0-0: Called Strike
0-1: Foul Ball, location: 2F
0-2: Ball
1-2: 2-RUN HOME RUN (Flyball, 7LD, EV 93.1 MPH), Distance : 351 ft
Batting: RHB Steve Hebert 0-0: Foul Ball, location: 2F
0-1: Foul Ball, location: 2F
0-2: Ball
1-2: Foul Ball, location: 2F
1-2: Foul Ball, location: 2F
1-2: Ball
2-2: Ball
3-2: Strikes out looking
Top of the 6th over - 2 runs, 2 hits, 0 errors, 0 left on base; Lancaster 3 - High Desert 0
BOTTOM OF THE 6TH
High Desert Mavericks batting - Pitching for Lancaster JetHawks : RHP Elliott Sheffey
Batting: RHB Alex Campa 0-0: Ball
1-0: Called Strike
1-1: Foul Ball, location: 2F
1-2: Foul Ball, location: 2F
1-2: Foul Ball, location: 2F
1-2: Fly out, F9 (Flyball, 9, EV 91.9 MPH)
Batting: RHB Jeremy Knefelkamp 0-0: Called Strike
0-1: Called Strike
0-2: Ball
1-2: Strikes out looking
Batting: LHB John Blanchard 0-0: Ball
1-0: Ball
2-0: Ball
3-0: Called Strike
3-1: Fly out, F7 (Flyball, 78D, EV 97.5 MPH)
Bottom of the 6th over - 0 runs, 0 hits, 0 errors, 0 left on base; Lancaster 3 - High Desert 0
TOP OF THE 7TH
Lancaster JetHawks batting - Pitching for High Desert Mavericks : LHP Fadey Afendulov
Batting: RHB Jamie Mack 0-0: SINGLE (Groundball, 6MD, EV 97.5 MPH)
Batting: RHB Bill Marroquin 0-0: Bunted foul
0-1: Ball
1-1: Bunt missed!
1-2: Ball
Wild Pitch!
Jamie Mack to second
2-2: Strikes out swinging
Pitching: RHP Tony Perry
Batting: RHB Jason Watts 0-0: Ball
1-0: Swinging Strike
1-1: Foul Ball, location: 2F
1-2: Ball
2-2: 2-RUN HOME RUN (Flyball, 9D, EV 111.2 MPH), Distance : 407 ft
Batting: RHB Carlos Hidalgo 0-0: Ball
1-0: Ball
2-0: Swinging Strike
2-1: Foul Ball, location: 2F
2-2: Ball
3-2: Strikes out looking
Batting: RHB Khaden Shaddox 0-0: Called Strike
0-1: Swinging Strike
0-2: Strikes out swinging
Top of the 7th over - 2 runs, 2 hits, 0 errors, 0 left on base; Lancaster 5 - High Desert 0
BOTTOM OF THE 7TH
High Desert Mavericks batting - Pitching for Lancaster JetHawks : RHP Elliott Sheffey
Batting: LHB Blaine Kennedy 0-0: Foul Ball, location: 2F
0-1: Fly out, F8 (Flyball, 8LD, EV 95.0 MPH)
Batting: SHB Wen-huan Chen 0-0: Ball
1-0: Swinging Strike
1-1: Ball
2-1: SINGLE (Groundball, 4, EV 105.0 MPH)
Batting: RHB Jon Defoe 0-0: Called Strike
0-1: Ball
1-1: Fly out, F7 (Flyball, 7S, EV 94.4 MPH)
Batting: RHB Pat Wickson 0-0: Foul Ball, location: 2F
0-1: Foul Ball, location: 2F
0-2: Strikes out swinging
Bottom of the 7th over - 0 runs, 1 hit, 0 errors, 1 left on base; Lancaster 5 - High Desert 0
TOP OF THE 8TH
Lancaster JetHawks batting - Pitching for High Desert Mavericks : RHP Tony Perry
Batting: RHB Mario Serna 0-0: DOUBLE (Line Drive, 89XD, EV 102.5 MPH)
Batting: RHB Rick Hough 0-0: Ball
1-0: Swinging Strike
1-1: Called Strike
1-2: Ball
2-2: Strikes out swinging
Batting: SHB Fabiano Casetto 0-0: Called Strike
0-1: Called Strike
0-2: Ball
1-2: Ball
2-2: Strikes out looking
Batting: RHB Steve Hebert 0-0: Ball
1-0: Called Strike
1-1: Foul Ball, location: 2F
1-2: Ball
2-2: Strikes out swinging
Top of the 8th over - 0 runs, 1 hit, 0 errors, 1 left on base; Lancaster 5 - High Desert 0
BOTTOM OF THE 8TH
High Desert Mavericks batting - Pitching for Lancaster JetHawks : RHP Elliott Sheffey
Batting: RHB Joey Clemens 0-0: Ball
1-0: Ball
2-0: Called Strike
2-1: Foul Ball, location: 2F
2-2: Foul Ball, location: 2F
2-2: Strikes out swinging
Batting: RHB Bubba Beierle 0-0: Ball
1-0: Called Strike
1-1: Ball
2-1: Ground out 5-3 (Groundball, 56, EV 85.6 MPH)
Batting: RHB Alex Campa 0-0: Ball
1-0: Called Strike
1-1: Ball
2-1: Ball
3-1: Base on Balls
Batting: RHB Jeremy Knefelkamp 0-0: Ball
1-0: Ball
2-0: Fly out, F1 (Line Drive, P, EV 73.1 MPH)
Bottom of the 8th over - 0 runs, 0 hits, 0 errors, 1 left on base; Lancaster 5 - High Desert 0
TOP OF THE 9TH
Lancaster JetHawks batting - Pitching for High Desert Mavericks : RHP Tony Perry
Pitching: LHP Alex Mendoza
Batting: RHB Jamie Mack 0-0: Ball
1-0: Ball
2-0: Ball
3-0: Called Strike
3-1: Called Strike
3-2: Foul Ball, location: 2F
3-2: Strikes out looking
Batting: RHB Bill Marroquin 0-0: Ball
1-0: Swinging Strike
1-1: Ball
2-1: Swinging Strike
2-2: Ball
3-2: Foul Ball, location: 2F
3-2: Fly out, F3 (Popup, 3F, EV 77.5 MPH)
Batting: RHB Jason Watts 0-0: Called Strike
0-1: Foul Ball, location: 2F
0-2: Ball
1-2: Ball
2-2: Ground out 4-3 (Groundball, 4, EV 94.4 MPH)
Top of the 9th over - 0 runs, 0 hits, 0 errors, 0 left on base; Lancaster 5 - High Desert 0
BOTTOM OF THE 9TH
High Desert Mavericks batting - Pitching for Lancaster JetHawks : RHP Elliott Sheffey
Batting: LHB John Blanchard 0-0: Fly out, F9 (Flyball, 9LSF, EV 89.4 MPH)
Batting: LHB Blaine Kennedy 0-0: Ground out U3 (Groundball, 3, EV 87.5 MPH)
Batting: SHB Wen-huan Chen 0-0: Called Strike
0-1: Swinging Strike
0-2: Ball
1-2: Strikes out swinging
Bottom of the 9th over - 0 runs, 0 hits, 0 errors, 0 left on base; Lancaster 5 - High Desert 0
Wednesday, July 27th , 2022 - OOTP Baseball 23.5 Build 73